 Dungeon Crawl Stone Soup version 0.27-a0-1301-g128193abf8 (webtiles) character file.

Game seed: 15765794837589640483

7 flotson the Sneak (level 1, -9/18 HPs)
             Began as a Demonspawn Delver on June 17, 2021.
             Killed by nerve-wracking pain
             ... invoked by a shadow imp
              (10 damage)
             ... on level 5 of the Dungeon.
             The game lasted 00:00:22 (158 turns).

flotson the Sneak (Demonspawn Delver)                Turns: 158, Time: 00:00:23

Health: -9/18      AC:  3    Str: 12    XL:     1   Next: 91%
Magic:  1/1        EV: 12    Int: 11    God:
Gold:   20         SH:  0    Dex: 14    Spells: 0/0 levels left

rFire    . . .     SeeInvis .   a - +0 hand axe
rCold    . . .     Faith    .   (no shield)
rNeg     . . .     Spirit   .   b - +0 leather armour
rPois    .         Reflect  .   (no helmet)
rElec    .         Harm     .   (no cloak)
rCorr    .         Rampage  .   (no gloves)
Will     .....                  (no boots)
Stlth    ++........             (no amulet)
HPRegen  0.06/turn              (no ring)
MPRegen  0.07/turn              (no ring)

@: no status effects
A: no striking features
a: no special abilities


You were on level 5 of the Dungeon.
You visited 1 branch of the dungeon, and saw 1 of its levels.

You collected 20 gold pieces.

Inventory:

Hand Weapons
 a - a +0 hand axe (weapon)
Armour
 b - a +0 leather armour (worn)
Wands
 g - a wand of digging (3)
 i - a wand of iceblast (11)
Scrolls
 c - a scroll of fog
 d - a scroll of magic mapping
 e - a scroll of fear
Potions
 f - a potion of haste
 h - a potion of flight {unknown}


   Skills:
 + Level 3.1 Fighting
 + Level 2.0 Axes
 + Level 0.4 Armour
 + Level 2.0 Dodging
 - Level 4.5 Stealth
 + Level 0.0 Evocations


You couldn't memorise any spells.
You didn't know any spells.
Your spell library was empty.

Dungeon Overview and Level Annotations

Branches:
Dungeon (5/15)
 Temple: D:4-7

Altars:


Message History

You are too injured to fight recklessly!
You hit the shadow imp but do no damage.
The shadow imp is moderately wounded.
The shadow imp hits you but does no damage.
You closely miss the shadow imp.
The shadow imp is moderately wounded.
The shadow imp hits you but does no damage.
You hit the shadow imp.
The shadow imp is moderately wounded.
The shadow imp hits you but does no damage.
The shadow imp closely misses you.
You closely miss the shadow imp.
The shadow imp is moderately wounded.
The shadow imp hits you but does no damage.
You closely miss the shadow imp.
The shadow imp is moderately wounded.
The shadow imp gestures at you. Pain shoots through your body!
* * * LOW HITPOINT WARNING * * *
You closely miss the shadow imp.
The shadow imp is moderately wounded.
The shadow imp hits you but does no damage.
You closely miss the shadow imp.
The shadow imp is moderately wounded.
The shadow imp gestures at you.
You barely resist. You hit the shadow imp.
The shadow imp is severely wounded.
The shadow imp hits you.
* * * LOW HITPOINT WARNING * * *
The shadow imp misses you.
You barely miss the shadow imp.
The shadow imp is severely wounded.
The shadow imp hits you but does no damage.
You hit the shadow imp.
The shadow imp is severely wounded.
The shadow imp gestures at you. Pain shoots through your body!
Ouch! That really hurt!
You die...

# .# .. ### .#
..## ..# #..##
###J.# ###.##
#########@5#
##.###.........##
# ##....#########
## #...## .##
##### ..## ...##
....## .###.##


You could see a jelly and a shadow imp.

Vanquished Creatures
  A shadow imp (D:5)
1 creature vanquished.

Notes
Turn   | Place    | Note
-------+----------+-------------------------------------------
     0 | D:5      | flotson the Demonspawn Delver began the quest for the Orb.
     0 | D:5      | Reached XP level 1. HP: 18/18 MP: 1/1
   146 | D:5      | Noticed a jelly
   158 | D:5      | Killed from afar by a shadow imp

Illustrated notes

Levels and vault maps discovered:
D:5:      layout_layer_cave, nicolae_overflow_crystal_walls,
          minmay_temple_entry_junction, uniq_grinder, uniq_sigmund,
          uniq_blork_the_orc

Skill      XL: |  1 |
---------------+----+-----
Axes           | 2 |  2.0
Dodging        | 2 |  2.0
Fighting       | |  3.1
Armour         | |  0.4
Stealth        | |  4.5

Action                   || total
-------------------------++-------
Melee: Hand axe          ||    18
Armor: Leather armour    ||     7
Dodge: Dodged            ||     5

Table legend: (Time is in decaauts)
 A = Elapsed time spent in this place.
 B = Non-inter-level travel time spent in this place.
 C = Inter-level travel time spent in this place.
 D = Time resting spent in this place.
 E = Time spent auto-exploring this place.
 F = Levels seen in this place.
 G = Mean time per level.
                   A        B        C        D        E       F      G
               +--------+--------+--------+--------+--------+-----+--------+
         Total |    161 |    161 |      0 |      0 |    129 |   1 |  161.0 |
       Dungeon |    161 |    161 |      0 |      0 |    129 |   1 |  161.0 |
               +--------+--------+--------+--------+--------+-----+--------+

Top non-repeatable levels by time:
     D:5: 161 daAuts
